 Dungeon Crawl Stone Soup version 0.19.5 (webtiles) character file.

257487 Peloso the Hoplite (level 19, -2/176 (177) HPs)
             Began as a Minotaur Fighter on Apr 2, 2017.
             Was a High Priest of Okawaru.
             Killed by divine providence
             ... invoked by an orc high priest
              (13 damage)
             ... on level 2 of the Elven Halls.
             The game lasted 02:50:24 (53755 turns).

Peloso the Hoplite (Minotaur Fighter)              Turns: 53755, Time: 02:50:25

HP:   -2/176 (177)  AC: 37    Str: 26    XL:     19   Next: 48%
MP:   20/20         EV: 10    Int:  5    God:    Okawaru [*****.]
Gold: 1995          SH: 20    Dex: 13    Spells: 0 memorised, 19 levels left

rFire  . . .     SeeInvis +     C - +1 double sword (protect)
rCold  + . .     Gourm    .     X - +3 plate armour {MR+}
rNeg   . . .     Faith    .     s - +0 shield {AC+3}
rPois  +         Spirit   .     W - +0 hat {MR+}
rElec  .         Reflect  +     i - +1 cloak
rCorr  .         Harm     .     (no gloves)
MR     +++..                    M - +2 pair of boots of the Assassin {DetectMon Stab+ Stlth++}
Stlth  ..........               T - amulet of Tyhaan {Reflect rC+ SH+3}
                                y - ring of poison resistance
                                J - ring of see invisible

@: protection aura
A: retaliatory headbutt, horns 2
a: Heroism, Finesse, Renounce Religion
}: 1/15 runes: serpentine


You were on level 2 of the Elven Halls.
You worshipped Okawaru.
Okawaru was extremely pleased with you.
You were not hungry.

You visited 6 branches of the dungeon, and saw 32 of its levels.
You also visited: Trove.

You collected 2880 gold pieces.
You spent 885 gold pieces at shops.

Inventory:

Hand Weapons
 B - a +3 long sword of electrocution
 C - a +1 double sword of protection (weapon)
 Q - a +5 scimitar of flaming
 U - the +2 scimitar of Integrity {elec, MR+ SInv}
   (Okawaru gifted it to you on level 14 of the Dungeon)

   Occasionally, upon striking a foe, it will discharge some electrical energy
   and cause terrible harm.
   It affects your resistance to hostile enchantments.
   It lets you see invisible.
Armour
 i - a +1 cloak (worn)
 s - a +0 shield of protection (worn)
 M - the +2 pair of boots of the Assassin (worn) {DetectMon Stab+ Stlth++}
   (Okawaru gifted it to you on level 2 of the Snake Pit)

   It makes you much more stealthy.
 P - a +0 crystal plate armour
 W - a +0 hat of magic resistance (worn)
 X - a +3 plate armour of magic resistance (worn)
Jewellery
 y - a ring of poison resistance (right hand)
 J - a ring of see invisible (left hand)
 L - an uncursed amulet of faith
 T - the amulet of Tyhaan (around neck) {Reflect rC+ SH+3}
   (You bought it in a shop on level 1 of the Snake Pit)

   [amulet of reflection]

   It shields you and reflects attacks.
   It protects you from cold.
   It affects your SH (+3).
Wands
 a - a wand of disintegration (17/24)
 e - a wand of lightning (5/15)
 N - a wand of digging (12/24)
Scrolls
 b - a scroll of identify
 c - a scroll of amnesia
 g - 2 scrolls of recharging
 o - a scroll of enchant weapon
 u - a scroll of fog
 x - 5 scrolls of fear
 z - 5 scrolls of remove curse
 A - 8 scrolls of teleportation
 H - 4 scrolls of blinking
 V - a scroll of brand weapon
 Y - 4 scrolls of magic mapping
 Z - 6 scrolls of enchant armour {unknown}
Potions
 d - 2 potions of might
 h - 5 potions of curing
 k - 4 potions of invisibility
 l - 4 potions of resistance
 m - a potion of berserk rage
 n - a potion of heal wounds
 p - 5 potions of brilliance
 F - 4 potions of agility
 K - 6 potions of flight
Books
 r - a book of Geomancy

   Spells                             Type                      Level
   a - Sandblast                      Earth                        1
   b - Passwall                       Transmutation/Earth          2
   c - Stone Arrow                    Conjuration/Earth            3
   d - Petrify                        Transmutation/Earth          4
   e - Lee's Rapid Deconstruction     Earth                        5
 v - Kehawn's Reference Book on Evil
   (You found it on level 1 of the Elven Halls)

   Spells                             Type                      Level
   a - Animate Skeleton               Necromancy                   1
   b - Pain                           Necromancy                   1
   c - Sublimation of Blood           Necromancy                   2
   d - Regeneration                   Charms/Necromancy            3
 w - Roxanne's Volume of Changing
   (You took it off Roxanne on level 1 of the Elven Halls)

   Spells                             Type                      Level
   a - Ignite Poison                  Fire/Transmutation/Poison    3
   b - Irradiate                      Conjuration/Transmutation    5
   c - Yara's Violent Unravelling     Hexes/Transmutation          5
   d - Statue Form                    Transmutation/Earth          6
Comestibles
 f - 12 bread rations
 j - 20 meat rations
 q - 2 fruits
 t - 14 royal jellies
 D - 6 chunks of flesh


   Skills:
 + Level 17.5 Fighting
   Level 1.3(12.3) Short Blades
 + Level 19.4 Long Blades
 + Level 1.2 Throwing
 + Level 17.1 Armour
 + Level 4.8 Dodging
 + Level 2.7 Stealth
 + Level 22.2 Shields
 + Level 1.2 Unarmed Combat
 + Level 0.6 Spellcasting
 + Level 2.9 Invocations
 + Level 1.0 Evocations


You had 19 spell levels left.
You didn't know any spells.

Dungeon Overview and Level Annotations

Branches:
Dungeon (15/15)            Temple (0/1) D:6            Lair (6/6) D:9
  Swamp (3/4) Lair:3        Snake (4/4) Lair:4        Slime (0/5) Lair:6
    Orc (2/2) D:9             Elf (2/3) Orc:2        Vaults (0/5) D:13
 Depths (0/5) D:15

Altars:
Dithmenos
Elyvilon
Fedhas
Makhleb
Okawaru
Sif Muna
Vehumet
Xom
Zin
The Shining One
Beogh
Jiyva

Shops:
D:7 !   D:9 :?(   D:13 (   D:15 *   Orc:1 (   Orc:2 *!=[   Snake:1 }}=

Annotations:
Lair:6 1 runed door
Elf:2 3 runed doors


Innate Abilities, Weirdness & Mutations

You reflexively headbutt those who attack you in melee.
You have a pair of horns on your head.


Message History

You block the red devil's attack.
Unknown command.
You closely miss the orc high priest. You headbutt the orc high priest.
The orc high priest is severely wounded.
The ice devil hits you.
* * * LOW HITPOINT WARNING * * *
The ice devil freezes you! You resist.
* * * LOW HITPOINT WARNING * * *
You block the hellwing's attack. The hellwing barely misses you.
The orc high priest calls down the wrath of Beogh upon you.
Beogh smites you!
* * * LOW HITPOINT WARNING * * *
The red devil hits you but does no damage.
You closely miss the orc high priest. You headbutt the orc high priest.
The orc high priest is severely wounded.
The hellwing hits you but does no damage.
The hellwing completely misses you.
The orc high priest calls down the wrath of Beogh upon you.
Beogh smites you!
You die...

#{...#o# #o...#{#
#..{.#o# ######o#
#.##...# #.##.#.##
#...###.# ####4#.##
#@o4# ##4## #.# .. ##.#
#.#####..# #)...#.## #
##.#.#.# ## ##..#.#
###########>
##.#.#.#####......##...


You could see an orc high priest, a hellwing, an ice devil and a red devil.

Vanquished Creatures
  Asterion (Elf:1)
  The ghost of bierdeckelkanne the Executioner, an adept HOFi of Gozag (Swamp:3)
  Roxanne (Elf:1)
  2 thorn hunters
  7 nagarajas
  An orc warlord (Elf:2)
  A deep elf sorcerer (Elf:1)
  Aizul (Snake:3)
  A deep elf annihilator (Elf:1)
  The ghost of letownia the Cleaver, a journeyman FoEE of Gozag (Orc:2)
  An ettin (D:15)
  Snorg (Lair:3)
  Josephine (Lair:4)
  A deep elf death mage (Elf:1)
  6 vault guards
  12 hydras
  13 naga warriors
  4 centaur warriors
  A catoblepas (Lair:2)
  3 ghost crabs
  8 anacondas
  12 death yaks
  A death knight (D:15)
  3 alligators (Swamp:1)
  2 ogre magi
  7 dancing weapons
  3 tengu warriors
  5 shock serpents
  14 naga sharpshooters
  An orc high priest (Elf:2)
  3 deep elf knights
  The ghost of Goboxel the Covert, a novice DsAs of Hepliaklqana (D:9)
  2 wizards
  2 salamander mystics
  7 sea snakes (Snake:1)
  A deep troll (D:15)
  A skeletal warrior (D:11)
  4 unseen horrors
  6 naga ritualists
  A spriggan druid (Swamp:3)
  6 deep elf archers
  8 hill giants
  A necromancer (Elf:1)
  23 deep elf magi
  A lindwurm (Lair:6)
  A swamp dragon (Swamp:1)
  10 orc knights
  14 mana vipers
  An orc sorcerer (Orc:1)
  9 ugly things
  6 salamanders
  4 cyclopes
  3 manticores
  14 elephants
  40 black mambas
  Maurice (Orc:1)
  8 torpor snails
  2 molten gargoyles (Lair:5)
  27 naga magi
  6 guardian serpents
  A gargoyle (D:13)
  17 spiny frogs
  2 centaur skeletons
  13 komodo dragons
  A rime drake (Lair:6)
  2 yaktaurs (D:13)
  A kobold demonologist (D:6)
  2 tengu conjurers
  2 efreet (D:15)
  2 queen bees
  5 trolls
  9 tyrant leeches
  The ghost of tschems the Covered, an amateur HuFi (D:4)
  17 hornets
  A two-headed ogre (shapeshifter) (Elf:2)
  2 two-headed ogres
  5 bog bodies
  3 slime creatures (Swamp:3)
  A wind drake (shapeshifter) (D:15)
  11 hippogriffs
  4 large abominations (Elf:1)
  9 blink frogs
  7 dream sheep (Lair:6)
  2 shadows
  3 spriggans
  4 wraiths (Lair:4)
  Sigmund (D:3)
  2 water elementals
  2 wyverns
  44 yaks
  A steam dragon (Lair:4)
  A human (D:13)
  A basilisk (D:15)
  2 hungry ghosts
  19 vampire mosquitoes
  13 swamp worms
  7 insubstantial wisps
  31 nagas
  Duvessa (D:5)
  17 water moccasins
  13 porcupines
  52 orc warriors
  7 swamp drakes
  An ice beast (shapeshifter) (Elf:1)
  3 ice beasts
  2 phantoms
  6 necrophages
  A sky beast (shapeshifter) (D:11)
  4 sky beasts
  A tengu (shapeshifter) (D:11)
  11 wolves
  2 black bears
  15 ogres
  The ghost of tschems the Shield-Bearer, an amateur HuFi (D:3)
  An eye of draining (D:12)
  13 crocodiles
  32 centaurs
  3 elf zombies (Elf:1)
  2 big kobolds
  Blork the orc (D:5)
  An earth elemental (Elf:1)
  14 bullfrogs
  A gnoll sergeant (D:7)
  Dowan (D:5)
  4 scorpions
  69 killer bees
  A howler monkey (D:7)
  13 electric eels
  9 crimson imps
  A quasit (D:13)
  2 bullfrog zombies
  4 lava snakes (Lair:5)
  2 centaur zombies
  5 hounds
  5 jellies
  20 orc priests
  16 orc wizards
  4 bullfrog skeletons
  4 iguanas
  Natasha (twice) (D:2)
  12 worker ants
  A hound skeleton (D:5)
  Robin (D:2)
  4 gnolls
  13 adders
  4 shadow imps
  An adder zombie (D:6)
  An ooze (D:5)
  An adder skeleton (D:6)
  2 worms (D:4)
  3 dart slugs
  8 leopard geckos
  85 orcs
  3 ball pythons
  9 bats
  4 giant cockroaches
  14 goblins
  9 hobgoblins
  3 jackals
  14 kobolds
  11 quokkas
  A frilled lizard (D:5)
  A jackal skeleton (D:4)
  2 leopard gecko skeletons
  5 rats
  A fungus (Lair:6)
  A plant (Lair:6)
1161 creatures vanquished.

Vanquished Creatures (others)
  A naga ritualist (Snake:4)
  A deep elf archer (Elf:1)
  A deep elf mage (Elf:2)
  A tyrant leech (Swamp:3)
  2 swamp worms (Swamp:3)
  A lava snake (Lair:5)
  A jelly (D:15)
  An orc (Orc:2)
  3 bushes
  12 fungi
  15 plants
39 creatures vanquished.

Grand Total: 1200 creatures vanquished

Notes
Turn   | Place    | Note
-------+----------+-------------------------------------------
     0 | D:1      | Peloso the Minotaur Fighter began the quest for the Orb.
     0 | D:1      | Reached XP level 1. HP: 19/19 MP: 0/0
    59 | D:1      | Reached XP level 2. HP: 27/27 MP: 1/1
   466 | D:2      | Reached skill level 4 in Shields
   485 | D:2      | Reached XP level 3. HP: 30/33 MP: 2/2
   486 | D:2      | Found an iron altar of Okawaru.
   491 | D:2      | Became a worshipper of Warmaster Okawaru
   723 | D:2      | Noticed Robin
   738 | D:2      | Killed Robin
  1009 | D:3      | Noticed Natasha
  1009 | D:3      | Noticed tschems's ghost (amateur HuFi)
  1025 | D:2      | Killed Natasha
  1025 | D:2      | Reached XP level 4. HP: 16/40 MP: 3/3
  1419 | D:2      | Noticed Natasha
  1427 | D:2      | Killed Natasha
  2032 | D:3      | Killed tschems's ghost
  2032 | D:3      | Reached skill level 5 in Armour
  2032 | D:3      | Reached skill level 5 in Shields
  2032 | D:3      | Reached XP level 5. HP: 27/46 MP: 4/4
  2153 | D:3      | Noticed Sigmund
  2337 | D:3      | Killed Sigmund
  2337 | D:3      | Reached * piety under Okawaru
  2337 | D:3      | Reached XP level 6. HP: 24/53 MP: 5/5
  3464 | D:4      | Found a glowing golden altar of the Shining One.
  3558 | D:4      | Reached skill level 5 in Long Blades
  3571 | D:4      | Noticed tschems's ghost (amateur HuFi)
  3594 | D:4      | Killed tschems's ghost
  3594 | D:4      | Reached ** piety under Okawaru
  3594 | D:4      | Reached skill level 6 in Shields
  3594 | D:4      | Reached XP level 7. HP: 24/60 MP: 4/6
  4047 | D:5      | Entered Level 5 of the Dungeon
  4047 | D:5      | Found a shimmering altar of Xom.
  4051 | D:5      | Noticed Duvessa
  4051 | D:5      | Noticed Dowan
  4064 | D:5      | Killed Duvessa
  4081 | D:5      | Killed Dowan
  4288 | D:5      | Found a deep blue altar of Sif Muna.
  4290 | D:5      | Found a radiant altar of Vehumet.
  4291 | D:5      | Found a glowing silver altar of Zin.
  4294 | D:5      | Found a blossoming altar of Fedhas.
  4449 | D:4      | Reached skill level 5 in Fighting
  4558 | D:4      | Reached XP level 8. HP: 68/68 MP: 7/7
  4676 | D:5      | Reached skill level 7 in Shields
  4720 | D:5      | Found a shadowy altar of Dithmenos.
  4745 | D:5      | Got a translucent scale mail
  4772 | D:5      | Noticed Blork the orc
  4791 | D:5      | Killed Blork the orc
  4791 | D:5      | Reached skill level 1 in Dodging
  5437 | D:6      | Reached *** piety under Okawaru
  5453 | D:6      | Identified the +2 scale mail "Ampan" {rPois} (You found it on level 5 of the Dungeon)
  5529 | D:6      | Found a staircase to the Ecumenical Temple.
  5816 | D:6      | Reached skill level 8 in Shields
  6055 | D:6      | Noticed a kobold demonologist
  6073 | D:6      | Killed a kobold demonologist
  6073 | D:6      | Reached **** piety under Okawaru
  6073 | D:6      | Reached XP level 9. HP: 60/74 MP: 8/8
  6258 | D:6      | Reached skill level 9 in Shields
  6925 | D:6      | Found a white marble altar of Elyvilon.
  7055 | D:7      | Found Feugham's Distillery.
  7064 | D:7      | Bought a potion of heal wounds for 60 gold pieces
  7064 | D:7      | Bought a potion of might for 48 gold pieces
  7064 | D:7      | Bought a potion of mutation for 30 gold pieces
  7071 | D:7      | Bought a potion of degeneration for 12 gold pieces
  7071 | D:7      | Bought a potion of lignification for 36 gold pieces
  7340 | D:7      | Reached skill level 1 in Invocations
  8400 | D:7      | Reached skill level 10 in Shields
  8479 | D:8      | Reached skill level 10 in Long Blades
  8852 | D:8      | Noticed a troll
  8866 | D:8      | Killed a troll
  8866 | D:8      | Reached XP level 10. HP: 62/84 MP: 9/9
  9063 | D:9      | Noticed Goboxel's ghost (novice DsAs)
  9114 | D:9      | Killed Goboxel's ghost
  9114 | D:9      | Reached ***** piety under Okawaru
  9114 | D:9      | Reached skill level 11 in Shields
  9183 | D:9      | Found Vomile's Magic Scroll Shoppe.
  9190 | D:9      | Found Panworch's Book Shop.
  9223 | D:9      | Bought a scroll of identify for 28 gold pieces
  9223 | D:9      | Bought a scroll of magic mapping for 49 gold pieces
  9331 | D:9      | Found a staircase to the Orcish Mines.
  9379 | D:9      | Found a staircase to the Lair.
  9425 | D:9      | HP: 3/84 [komodo dragon (25)]
  9821 | D:9      | Found Komaz's Antique Weapon Shoppe.
 10195 | D:10     | Entered Level 10 of the Dungeon
 10836 | D:10     | Noticed a vault guard
 10870 | D:10     | Killed a vault guard
 10870 | D:10     | Reached skill level 12 in Shields
 11081 | D:10     | Found a portal to a secret trove of treasure.
 11086 | Trove    | Entered a treasure trove
 11158 | Trove    | Identified Sif Muna's Catalogue of Conjuration
 11160 | Trove    | Identified Sif Muna's Papyrus of Unholy Secrets and Flames
 11170 | Trove    | Identified Sif Muna's Disquisition on Supportive Transmutation
 11333 | Lair:1   | Entered Level 1 of the Lair of Beasts
 11342 | Lair:1   | Noticed a black mamba
 11362 | Lair:1   | Killed a black mamba
 11611 | Lair:1   | You fall through a shaft!
 11638 | Lair:1   | Noticed a spiny frog
 11681 | Lair:1   | Reached XP level 11. HP: 82/93 MP: 11/11
 12669 | Lair:1   | Reached skill level 10 in Armour
 13551 | Lair:1   | Reached skill level 13 in Shields
 15049 | Lair:2   | Noticed a catoblepas
 15073 | Lair:2   | Killed a catoblepas
 15076 | Lair:2   | Reached XP level 12. HP: 104/104 MP: 12/12
 15197 | Lair:2   | Reached skill level 14 in Shields
 15219 | Lair:2   | Reached skill level 1 in Stealth
 15795 | Lair:3   | Noticed Snorg
 15821 | Lair:3   | Killed Snorg
 16557 | Lair:3   | Found a staircase to the Swamp.
 17323 | Lair:3   | HP: 4/105 [electric eel/bolt of electricity (2)]
 18029 | D:10     | Received a gift from Okawaru
 18568 | D:11     | Found a burning altar of Makhleb.
 18591 | D:11     | Got a translucent whip
 19732 | D:10     | Reached skill level 10 in Fighting
 19799 | D:10     | Reached skill level 15 in Shields
 20518 | D:11     | Noticed a tengu warrior
 20524 | D:11     | Reached XP level 13. HP: 62/113 MP: 10/13
 21751 | D:12     | Received a gift from Okawaru
 22801 | D:12     | Reached skill level 16 in Shields
 23025 | D:12     | Received a gift from Okawaru
 24603 | Lair:4   | Received a gift from Okawaru
 24655 | Lair:4   | Noticed Josephine
 24688 | Lair:4   | Killed Josephine
 25054 | Lair:4   | Found a staircase to the Snake Pit.
 25846 | Lair:5   | Reached ****** piety under Okawaru
 25957 | Lair:5   | Identified the +9 whip of Qeitwik {freeze, rC++ rN+ Dex-2 Stlth+} (You found it on level 11 of the Dungeon)
 26011 | Lair:5   | Reached skill level 15 in Long Blades
 26058 | Lair:5   | Received a gift from Okawaru
 26058 | Lair:5   | Reached XP level 14. HP: 97/125 MP: 14/14
 26401 | Lair:5   | Found a deep blue altar of Sif Muna.
 26513 | Lair:5   | Reached skill level 1 in Short Blades
 26912 | Lair:5   | Reached skill level 17 in Shields
 27574 | D:13     | Found Fedam's Antique Weapon Emporium.
 27584 | D:13     | Found a blossoming altar of Fedhas.
 27622 | D:13     | Found a white marble altar of Elyvilon.
 27941 | D:13     | Paralysed by a hornet for 2 turns
 28242 | D:13     | Paralysed by a wizard for 3 turns
 28566 | D:13     | Found a gate to the Vaults.
 28653 | D:13     | Received a gift from Okawaru
 28952 | D:14     | You fall through a shaft!
 28952 | D:15     | Entered Level 15 of the Dungeon
 29027 | D:15     | Found a staircase to the Depths.
 29029 | D:15     | Got a distressingly furry plate armour
 29277 | D:14     | Identified the +0 plate armour of the Armoured One {Str-5 Int+9} (You found it on level 15 of the Dungeon)
 29400 | D:14     | Reached skill level 18 in Shields
 29736 | D:14     | Reached XP level 15. HP: 129/135 MP: 15/15
 30018 | D:14     | Received a gift from Okawaru
 30024 | D:14     | Got a scorched scimitar {god gift}
 30025 | D:14     | Identified the +2 scimitar of Integrity {elec, MR+ SInv} (Okawaru gifted it to you on level 14 of the Dungeon)
 30450 | Lair:6   | Entered Level 6 of the Lair of Beasts
 30481 | Lair:6   | Found a viscous altar of Jiyva.
 30490 | Lair:6   | Found a staircase to the Slime Pits.
 31122 | Lair:6   | Received a gift from Okawaru
 32028 | Lair:6   | Found a runed door.
 32911 | Orc:1    | Entered Level 1 of the Orcish Mines
 32911 | Orc:1    | Noticed Maurice
 32917 | Orc:1    | Killed Maurice
 33130 | Orc:1    | Received a gift from Okawaru
 33253 | Orc:1    | Found Pyur's Antique Weapon Shoppe.
 33433 | Orc:2    | Entered Level 2 of the Orcish Mines
 33562 | Orc:2    | Noticed letownia's ghost (journeyman FoEE)
 33979 | Orc:2    | Killed letownia's ghost
 34201 | Orc:2    | Found a roughly hewn altar of Beogh.
 34386 | Orc:2    | Reached skill level 19 in Shields
 34417 | Orc:2    | Found a staircase to the Elven Halls.
 34777 | Orc:2    | Found Tani's Jewellery Boutique.
 34777 | Orc:2    | Found Kirercho's Distillery.
 34779 | Orc:2    | Found Titaes's General Store.
 34781 | Orc:2    | Found Xikk's Armour Shop.
 34785 | Orc:2    | Bought a cursed ring of loudness for 63 gold pieces
 34785 | Orc:2    | Bought a cursed amulet of inaccuracy for 28 gold pieces
 35655 | D:15     | Found Gydusyxi's Demolitions Depot.
 35664 | D:15     | Bought a scroll of immolation for 63 gold pieces
 35689 | D:15     | Received a gift from Okawaru
 36099 | D:15     | Reached XP level 16. HP: 147/147 MP: 16/16
 36342 | Snake:1  | Entered Level 1 of the Snake Pit
 36502 | Elf:1    | Entered Level 1 of the Elven Halls
 37187 | Elf:1    | Noticed Asterion
 37210 | Elf:1    | Killed Asterion
 37676 | Elf:1    | Noticed Roxanne
 38286 | Snake:1  | Received a gift from Okawaru
 38458 | Snake:1  | Reached skill level 15 in Fighting
 39312 | Snake:1  | Reached skill level 15 in Armour
 39428 | Snake:1  | Reached skill level 20 in Shields
 40297 | Snake:2  | Received a gift from Okawaru
 41516 | Snake:1  | Found Zuchiong's Jewellery Shop.
 41516 | Snake:1  | Found Ovinus's Gadget Shoppe.
 41517 | Snake:1  | Found Gaos Vevo's Gadget Shoppe.
 41546 | Snake:1  | Bought the amulet of Tyhaan {Reflect rC+ SH+3} for 468 gold pieces
 42268 | Snake:3  | Reached XP level 17. HP: 120/158 MP: 17/17
 42277 | Snake:3  | Received a gift from Okawaru
 43626 | Snake:4  | Entered Level 4 of the Snake Pit
 44909 | Snake:4  | Noticed Aizul
 45157 | Snake:3  | Received a gift from Okawaru
 45500 | Snake:4  | Reached skill level 21 in Shields
 45772 | Snake:3  | Killed Aizul
 47889 | Snake:4  | Got a serpentine rune of Zot
 48232 | Snake:4  | Received a gift from Okawaru
 48634 | Swamp:1  | Entered Level 1 of the Swamp
 49253 | Swamp:1  | Reached skill level 1 in Throwing
 49253 | Swamp:1  | Reached skill level 1 in Unarmed Combat
 49253 | Swamp:1  | Reached skill level 1 in Evocations
 49253 | Swamp:1  | Reached XP level 18. HP: 168/168 MP: 17/19
 49406 | Swamp:2  | You fall through a shaft!
 49414 | Swamp:3  | Noticed bierdeckelkanne's ghost (adept HOFi)
 49414 | Swamp:3  | Reached XP level 19. HP: 174/174 MP: 20/20
 49463 | Swamp:3  | Killed bierdeckelkanne's ghost
 50754 | Swamp:3  | Noticed Mara
 50762 | Swamp:3  | Noticed Peloso's illusion
 51539 | Swamp:3  | Noticed Peloso's illusion
 52073 | Elf:1    | Reached skill level 22 in Shields
 52091 | Elf:1    | Received a gift from Okawaru
 52734 | Elf:1    | Identified Kehawn's Reference Book on Evil
 52930 | Elf:1    | Killed Roxanne
 52931 | Elf:1    | Identified Roxanne's Volume of Changing (You took it off Roxanne on level 1 of the Elven Halls)
 52995 | Elf:2    | Found a radiant altar of Vehumet.
 53454 | Elf:2    | Found a runed gate.
 53454 | Elf:2    | Found a runed gate.
 53454 | Elf:2    | Found a runed gate.
 53755 | Elf:2    | Killed from afar by an orc high priest

Skill      XL: |  1  2  3  4  5  6  7  8  9 10 11 12 13 14 15 16 17 18 19 |
---------------+----------------------------------------------------------+-----
Armour         | 4 5 6 7 8 9 10 12 13 14 15 16 17 | 17.1
Fighting       | 4 5 6 7 9 10 11 13 14 15 16 17 | 17.5
Shields        | 4 5 6 8 10 12 13 15 16 18 19 20 21 22 | 22.2
Long Blades    | 3 4 5 7 8 10 11 12 14 15 16 17 18 19 | 19.4
Dodging        | 1 2 3 4 |  4.8
Invocations    | 1 2 |  2.9
Stealth        | 1 2 |  2.7
Short Blades   | 1 |  1.3
Throwing       | 1 |  1.2
Unarmed Combat | 1 |  1.2
Evocations     | 1 |  1.0
Spellcasting   | |  0.6

Action                   |  1- 3 |  4- 6 |  7- 9 | 10-12 | 13-15 | 16-18 | 19-21 || total
-------------------------+-------+-------+-------+-------+-------+-------+-------++-------
Melee: Long sword        |    83 |   209 |   477 |  1333 |   524 |       |       ||  2626
       Headbutt          |    16 |    45 |   103 |   311 |   514 |   359 |   167 ||  1515
       Unarmed           |    13 |       |       |       |       |       |       ||    13
       Double sword      |       |       |       |       |  1007 |  1160 |   448 ||  2615
       Scimitar          |       |       |       |       |   396 |   219 |   127 ||   742
       Dagger            |       |       |       |       |    29 |       |       ||    29
Invok: Heroism           |       |     1 |     3 |    12 |     5 |     3 |     5 ||    29
Evoke: Wand              |       |       |       |     1 |       |     1 |       ||     2
  Use: Scroll            |       |     3 |     3 |     8 |     8 |    11 |     4 ||    37
       Potion            |       |     1 |       |     3 |     3 |     8 |     1 ||    16
 Stab: Petrifying        |       |       |       |     2 |       |       |       ||     2
       Petrified         |       |       |       |     1 |       |       |       ||     1
       Distracted        |       |       |       |       |       |     1 |       ||     1
  Eat: Chunk             |       |    27 |    17 |    37 |    50 |    21 |    13 ||   165
       Beef jerky        |       |       |       |       |     1 |     2 |       ||     3
       Fruit             |       |       |       |       |       |    14 |     2 ||    16
       Pizza             |       |       |       |       |       |     4 |       ||     4
       Royal jelly       |       |       |       |       |       |     1 |       ||     1
Armor: Scale mail        |     2 |       |       |       |       |       |       ||     2
       Plate armour      |    51 |    94 |   155 |   549 |   820 |   164 |    42 ||  1875
       Crystal plate arm |       |       |       |       |       |   481 |   170 ||   651
Dodge: Dodged            |    21 |    24 |    35 |   253 |   441 |   281 |    89 ||  1144
Block: Shield            |    63 |   109 |    16 |   567 |  1339 |  1027 |   403 ||  3524
       Large shield      |       |       |   424 |   640 |       |       |       ||  1064
       Reflection        |       |       |       |       |       |       |    21 ||    21
       Rpst.: Long sword |     4 |     2 |    11 |    53 |    24 |       |       ||    94
       Double sword      |       |       |       |       |    48 |    49 |    13 ||   110
       Scimitar          |       |       |       |       |    14 |    10 |     2 ||    26
